 Dungeon Crawl Stone Soup version 0.31.0-9-g3a7656b989 (webtiles) character file.

Game seed: 16096228888464943041

71 qw the Shooter (level 4, -5/22 HPs)
             Began as a Spriggan Hunter on Feb 2, 2024.
             Slain by an ogre
             ... wielding a +0 giant spiked club
              (27 damage)
             ... on level 4 of the Dungeon.
             The game lasted 00:00:03 (833 turns).

qw the Shooter (Spriggan Hunter)                     Turns: 833, Time: 00:00:03

Health: -5/22      AC:  4    Str:  7    XL:     4   Next: 5%
Magic:  5/5        EV: 19    Int: 10    God:
Gold:   50         SH:  0    Dex: 20    Spells: 3/3 levels left

rFire   . . .        a - +0 shortbow
rCold   . . .        (shield currently unavailable)
rNeg    . . .        c - +0 robe
rPois   .            d - +2 hat
rElec   .            (no cloak)
rCorr   .            (gloves unavailable)
SInv    +            (boots unavailable)
Will    .....        (no amulet)
Stlth   ++           (no ring)
HPRegen 0.23/turn    (no ring)
MPRegen 0.09/turn

%: no passive effects
@: very quick
A: very small, no large weapons, unfitting armour, see invisible, speed 3
a: no special abilities


You were on level 4 of the Dungeon.
You visited 1 branch of the dungeon, and saw 3 of its levels.

You collected 50 gold pieces.


Innate Abilities, Weirdness & Mutations

You are very small and have problems with some larger weapons.
You are too small for most types of armour.
You have supernaturally acute eyesight. (SInv)
You cover ground extremely quickly. (Speed+++)


   Skills:
 - Level 1.5 Fighting
 - Level 5.1 Ranged Weapons
 + Level 4.0 Dodging
 - Level 1.5 Stealth


You had 3 spell levels left.
You didn't know any spells.
Your spell library was empty.

Inventory:

Hand Weapons
 a - a +0 shortbow (weapon)
Armour
 c - a +0 robe (worn)
 d - a +2 hat (worn)
Scrolls
 e - a scroll of enchant armour
 f - a scroll of brand weapon {unknown}
 g - a scroll of poison {unknown}
 h - a scroll of identify
Potions
 b - a potion of curing {unknown}
 i - 2 potions of attraction {unknown}

Dungeon Overview and Level Annotations

Branches:
Dungeon (2/15)

Altars:


Message History

You now have 32 gold pieces (gained 7).
Found 7 stones.
Found a dagger.
You now have 50 gold pieces (gained 18).
You see here 7 stones.
h - a scroll of identify A jelly comes into view.
The jelly quivers.
You shoot an arrow. The arrow hits the jelly.
The jelly is moderately wounded.
You shoot an arrow. The arrow hits the jelly.
The jelly is moderately wounded.
You shoot an arrow. The arrow hits the jelly!
The jelly is almost dead.
You shoot an arrow. The arrow hits the jelly.
The jelly is almost dead.
You shoot an arrow. The arrow hits the jelly!
You kill the jelly!
Your Ranged Weapons skill increases to level 5!
You have reached level 4!
A ball python comes into view.
You shoot an arrow. The arrow hits the ball python.
You kill the ball python!
An ogre comes into view. It is wielding a +0 giant spiked club.
You shoot an arrow.
The arrow hits the ogre but does no damage.
The ogre shouts!
You shoot an arrow. The arrow barely misses the ogre.
You shoot an arrow.
The arrow hits the ogre but does no damage.
You shoot an arrow. The arrow hits the ogre.
The ogre is lightly wounded.
A quokka comes into view.
You shoot an arrow.
The arrow hits the ogre but does no damage.
The ogre is lightly wounded.
A black bear comes into view.
The ogre hits you with a +0 giant spiked club!!
Ouch! That really hurt!
You die...

....##.....##. ....
....#####........# #...
...#####.........# #..$
#............#..##
#...##.###......###....
##.......###...####...##
.........# #.........#
.........# #.###(....###
......O@.# #.# ##.......
..##.....###.#####......
#...7.7......####....P
.....#7.7..)..........P7
h...# 7.7........#....77
.... 7.7....##..##..PP7
..r 7.7....#.......P.7
#. 7.7.##.###......P.
7.7..#.##.........


You could see a black bear (wandering), an ogre and a quokka.

Vanquished Creatures
  A jelly (D:4)
  An adder (D:2)
  A dart slug (D:1)
  2 orcs (D:4)
  3 endoplasms (D:2)
  A goblin (D:1)
  A hobgoblin (D:1)
  A jackal (D:2)
  A quokka (D:2)
  2 ball pythons
  4 bats
  2 frilled lizards (D:2)
  4 kobolds
  3 rats
27 creatures vanquished.

Notes
Turn   | Place    | Note
-------+----------+-------------------------------------------
     0 | D:1      | qw the Spriggan Hunter began the quest for the Orb.
     0 | D:1      | Reached XP level 1. HP: 10/10 MP: 2/2
     0 | D:1      | 0 ||| qw: Version: 0.3-a-155-g5e7d8dd
     0 | D:1      | 0 ||| qw: Game counter: 1678
     0 | D:1      | 0 ||| qw: Melee chars always use a shield: true
     0 | D:1      | 0 ||| qw: God list: Okawaru
     0 | D:1      | 0 ||| qw: Allow faded altars: false
     0 | D:1      | 0 ||| qw: Do Orc after clearing Dungeon:15 true
     0 | D:1      | 0 ||| qw: Do second Lair branch before Depths: true
     0 | D:1      | 0 ||| qw: Lair rune preference: random
     0 | D:1      | 0 ||| qw: Goals: Normal
     0 | D:1      | 0 ||| PLANNING D:1-11
   115 | D:1      | Found a faded altar of an unknown god.
   131 | D:1      | Reached skill level 3 in Dodging
   187 | D:1      | Reached XP level 2. HP: 14/14 MP: 3/3
   507 | D:1      | 507 ||| UPGRADING to +1 hat.
   512 | D:1      | 512 ||| READING 2 scrolls labelled OTARITENIE.
   512 | D:1      | 512 ||| ENCHANTING +1 hat.
   513 | D:1      | 513 ||| READING scroll labelled NUPTEOL OVVEH.
   513 | D:1      | 513 ||| IDENTIFYING purple potion
   514 | D:1      | 514 ||| READING scroll labelled LYEMEI TODDUSS.
   515 | D:1      | 515 ||| READING scroll labelled PEXZUCAANA.
   516 | D:1      | 516 ||| DROPPING scroll of butterflies.
   517 | D:1      | 517 ||| DROPPING potion of degeneration.
   617 | D:2      | 617 ||| FLEEEEING.
   618 | D:2      | 618 ||| FLEEEEING.
   619 | D:2      | 619 ||| FLEEEEING.
   620 | D:2      | 620 ||| FLEEEEING.
   621 | D:2      | 621 ||| FLEEEEING.
   646 | D:2      | Reached XP level 3. HP: 18/18 MP: 4/4
   742 | D:2      | You fall into a shaft and drop 2 floors!
   811 | D:4      | Reached skill level 5 in Ranged Weapons
   811 | D:4      | Reached XP level 4. HP: 22/22 MP: 5/5
   828 | D:4      | Noticed an ogre
   833 | D:4      | Noticed a black bear
   833 | D:4      | Slain by an ogre

Levels and vault maps discovered:
D:1:      dpeg_arrival_solitude, layout_loops_ring, ebering_ecumenical_altar_box
D:2:      layout_basic, minmay_diced_spiral, uniq_natasha
D:4:      layout_cave_pools, serial_forest, infiniplex_forest_lined_room_3,
          infiniplex_forest_straight_3, infiniplex_forest_end_double,
          infiniplex_forest_end_2, infiniplex_forest_clump_C,
          infiniplex_forest_pool, infiniplex_forest_end_double,
          infiniplex_forest_straight_5, infiniplex_forest_lined_1

Skill      XL: |  1  2  3 |
---------------+----------+-----
Dodging        | 3 4 |  4.0
Ranged Weapons | 5 |  5.1
Fighting       | |  1.5
Stealth        | |  1.5

Action                     |  1- 3 |  4- 6 || total
---------------------------+-------+-------++-------
   Fire: Shortbow          |    75 |     6 ||    81
    Use: Scroll            |     4 |       ||     4
 Armour: Robe              |     4 |     1 ||     5
  Dodge: Dodged            |    23 |       ||    23

Table legend:
 A = Non-vault XP
 B = Vault XP
 C = Vault XP percentage of total XP
 D = Non-vault monster count
 E = Vault monster count
 F = Vault count percentage of total count
                 A         B        C        D         E       F
            +---------+---------+-------+---------+---------+-------
      Total |      92 |      10 |   9.8 |      21 |       6 |  22.2
            +---------+---------+-------+---------+---------+-------
        D:1 |      16 |       0 |   0.0 |      10 |       0 |   0.0
        D:2 |      21 |      10 |  32.3 |       6 |       6 |  50.0
        D:4 |      55 |       0 |   0.0 |       5 |       0 |   0.0
            +---------+---------+-------+---------+---------+-------
